 Dungeon Crawl Stone Soup version 0.32-a0-699-g1ee5eff69a (webtiles) character file.

Game seed: 3203734826163571504

364 Griffin23 the Slasher (level 6, -3/52 HPs)
             Began as a Minotaur Fighter on Mar 13, 2024.
             Slain by Edmund
             ... wielding a +2 heavy flail
              (19 damage)
             ... on level 4 of the Dungeon.
             The game lasted 00:04:13 (3339 turns).

Griffin23 the Slasher (Minotaur Fighter)            Turns: 3339, Time: 00:04:14

Health: -3/52      AC:  8    Str: 23    XL:     6   Next: 39%
Magic:  5/5        EV:  9    Int:  5    God:
Gold:   106        SH:  4    Dex:  9    Spells: 5/5 levels left

rFire   . . .        a - +0 long sword
rCold   . . .        c - +0 buckler
rNeg    . . .        b - +0 scale mail
rPois   .            (helmet restricted)
rElec   .            s - +0 cloak
rCorr   .            (no gloves)
SInv    .            (no boots)
Will    .....        (no amulet) Stlth
                     (no ring)
HPRegen 0.28/turn    (no ring)
MPRegen 0.09/turn

%: no passive effects
@: no status effects
A: horns 2, retaliatory headbutt
a: no special abilities


You were on level 4 of the Dungeon.
You visited 1 branch of the dungeon, and saw 4 of its levels.

You collected 132 gold pieces.
You spent 26 gold pieces at shops.

Inventory:

Hand Weapons
 a - a +0 long sword (weapon)
Armour
 b - a +0 scale mail (worn)
 c - a +0 buckler (worn)
 s - a +0 cloak (worn)
Jewellery
 n - a +6 ring of strength
Talismans
 g - a beast talisman
Wands
 k - a wand of roots (13)
 m - a wand of charming (3)
Scrolls
 f - a scroll of immolation {unknown}
 h - 3 scrolls of poison {unknown}
 j - a scroll of enchant weapon {unknown}
 l - a scroll of vulnerability {unknown}
 p - a scroll of fear {unknown}
 q - a scroll of revelation {unknown}
 r - a scroll of teleportation {unknown}
 u - a scroll of noise {unknown}
Potions
 d - a potion of might
 e - 3 potions of cancellation
 i - 2 potions of enlightenment {unknown}
 o - a potion of invisibility {unknown}
 t - a potion of haste {unknown}
 v - a potion of attraction {unknown}


   Skills:
 + Level 4.2 Fighting
 + Level 5.9 Long Blades
 + Level 4.6 Armour
 + Level 2.2 Dodging
 + Level 0.1 Stealth
 + Level 4.9 Shields


You had 5 spell levels left.
You didn't know any spells.
Your spell library contained the following spells:

 Spells                   Type           Power      Damage    Failure   Level
 Apportation              Tloc           0%         N/A       83%         1
 Jinxbite                 Hex            0%         N/A       93%         2
 Alistair's Intoxication  Alch           0%         N/A       100%        5


Dungeon Overview and Level Annotations

Branches:
Dungeon (4/15)
 Temple: D:4-7

Altars:
Kikubaaqudgha
Qazlal
Ru
Sif Muna

Shops:
D:1 ?   D:2 ==:*

Annotations:
D:4 Edmund, Grinder


Innate Abilities, Weirdness & Mutations

You have a pair of horns on your head.
You reflexively headbutt those who attack you in melee.


Message History

Found a stone staircase leading down.
There are monsters nearby!
Edmund zaps a wand.
The puff of flame hits you.
There are monsters nearby!
There are monsters nearby!
You barely miss Edmund. Your headbutt misses Edmund.
Edmund hits you with a +2 heavy flail.
You hit Edmund. Your headbutt misses Edmund.
Edmund is lightly wounded.
Edmund hits you with a +2 heavy flail!
You slash Edmund!
Edmund is lightly wounded.
Grinder says, "Just stop there for a second..."
Grinder gestures at you.
You barely resist.
Edmund zaps a wand.
The puff of flame misses you.
You barely miss Edmund.
Edmund is lightly wounded.
Grinder hits you.
You writhe in agony.
Edmund barely misses you.
You hit Edmund but do no damage. You headbutt Edmund!
Edmund is heavily wounded.
You block Grinder's attack.
Edmund zaps a wand.
The puff of flame hits you.
You slash Edmund! You headbutt Edmund.
Edmund is severely wounded.
Grinder hits you.
You writhe in agony.
Edmund hits you with a +2 heavy flail.
* * * LOW HITPOINT WARNING * * *
You are too injured to fight recklessly!
You are too injured to fight recklessly!
You are too injured to fight recklessly!
You hit Edmund. You headbutt Edmund, but do no damage.
Edmund is severely wounded.
You block Grinder's attack.
You closely miss Edmund.
Edmund is severely wounded.
Grinder closely misses you. You furiously retaliate!
You headbutt Grinder.
Edmund zaps a wand.
You block the puff of flame.
You closely miss Edmund.
Edmund is severely wounded.
Grinder closely misses you. Edmund hits you with a +2 heavy flail!!
You die...
Edmund says, "That'll show my brother!"

###.##.#####......##.#
#.##.#####......##.#
#.##.........#####.#
#.#########........#
###.# #...####### ....#
#...# #### ...## #...#
... .#.# #####...##@##
.#.#####........@5.####
...##...................
#..##.##...........####.
#..##.######...##......
...##.# ##...#######>
#.###.# #.....# #.#
#.#####.....#
#.###...........#
..[....####...<.#


You could see Edmund and Grinder.

Vanquished Creatures
  A scorpion (D:4)
  A howler monkey (D:4)
  A hound (D:4)
  An orc priest (D:2)
  Jessica (D:2)
  An iguana (D:4)
  Terence (D:3)
  4 adders
  A ribbon worm (D:2)
  A dart slug (D:3)
  12 orcs
  2 ball pythons
  3 bats
  9 endoplasms
  3 giant cockroaches (D:2)
  4 goblins
  4 hobgoblins
  3 jackals
  3 kobolds
  4 quokkas
  6 frilled lizards
  8 rats
74 creatures vanquished.

Notes
Turn   | Place    | Note
-------+----------+-------------------------------------------
     0 | D:1      | Griffin23 the Minotaur Fighter began the quest for the Orb.
     0 | D:1      | Reached XP level 1. HP: 19/19 MP: 0/0
   250 | D:1      | Reached XP level 2. HP: 27/27 MP: 1/1
   358 | D:1      | Found a faded altar of an unknown god.
   510 | D:1      | Found Zeiraz's Magic Scroll Emporium.
   519 | D:1      | Bought a scroll of identify for 26 gold pieces
   906 | D:2      | Found Bupnups's General Store.
   917 | D:2      | Found Fietaerch's Jewellery Shop.
  1002 | D:2      | Reached skill level 3 in Long Blades
  1002 | D:2      | Reached XP level 3. HP: 23/33 MP: 2/2
  1093 | D:2      | Reached skill level 1 in Dodging
  1291 | D:2      | Noticed Jessica
  1299 | D:2      | Killed Jessica
  1300 | D:2      | Reached XP level 4. HP: 36/40 MP: 3/3
  1571 | D:2      | Found Hevy's Book Boutique.
  1757 | D:2      | Found Xoujicucw's Jewellery Shop.
  1929 | D:2      | Reached skill level 4 in Long Blades
  2194 | D:3      | Identified the +2 leather armour "Laz Atie" {Str+4 Dex+3
                  | Stlth+}
  2326 | D:3      | Reached XP level 5. HP: 29/46 MP: 4/4
  2578 | D:3      | Found a stormy altar of Qazlal.
  2578 | D:3      | Found an ancient bone altar of Kikubaaqudgha.
  2659 | D:3      | Noticed Terence
  2671 | D:3      | Killed Terence
  2853 | D:4      | Reached skill level 5 in Long Blades
  2914 | D:4      | Reached XP level 6. HP: 49/52 MP: 5/5
  3109 | D:4      | Found a shimmering blue altar of Sif Muna.
  3129 | D:4      | Found a sacrificial altar of Ru.
  3326 | D:4      | Noticed Edmund
  3329 | D:4      | Noticed Grinder
  3339 | D:4      | Slain by Edmund

Illustrated notes

Levels and vault maps discovered:
D:1:      onia_arrival_mini_maze_b, layout_loops_ring, serial_shops,
          nicolae_lakefront_shop, shapermc_ecumenical_altar_acropolis, hex_large
D:2:      layout_loops_corners, serial_shops, shop, shop, shop, shop,
          minmay_pentomino_pile, uniq_jessica
D:3:      layout_rooms, gammafunk_temple_overflow_wave, minmay_quadrilaterals,
          uniq_terence
D:4:      layout_loops_cross, grunt_temple_overflow_open, uniq_grinder,
          uniq_duvessa, uniq_edmund

Skill      XL: |  1  2  3  4  5 |
---------------+----------------+-----
Long Blades    | 3 4 5 |  5.9
Dodging        | 1 2 |  2.2
Shields        | 4 |  4.9
Fighting       | 4 |  4.2
Armour         | 4 |  4.6
Stealth        | |  0.1

Action                     |  1- 3 |  4- 6 || total
---------------------------+-------+-------++-------
  Melee: Long sword        |    84 |   148 ||   232
         Headbutt          |     6 |    21 ||    27
  Evoke: Wand              |       |     1 ||     1
    Use: Scroll            |     1 |       ||     1
         Potion            |       |     1 ||     1
 Armour: Scale mail        |    63 |   102 ||   165
  Dodge: Dodged            |    28 |    67 ||    95
  Block: Buckler           |    24 |    49 ||    73

Table legend: (Time is in decaauts)
 A = Elapsed time spent in this place.
 B = Non-inter-level travel time spent in this place.
 C = Inter-level travel time spent in this place.
 D = Time resting spent in this place.
 E = Time spent auto-exploring this place.
 F = Levels seen in this place.
 G = Mean time per level.
                   A        B        C        D        E       F      G
               +--------+--------+--------+--------+--------+-----+--------+
         Total |   3393 |   3195 |    198 |    235 |   2386 |   4 |  848.2 |
       Dungeon |   3393 |   3195 |    198 |    235 |   2386 |   4 |  848.2 |
               +--------+--------+--------+--------+--------+-----+--------+

Top non-repeatable levels by time:
     D:2: 1305 daAuts
     D:1: 914 daAuts
     D:3: 672 daAuts
     D:4: 501 daAuts
